 Dungeon Crawl Stone Soup version 0.17.1-1-g73c8601 (webtiles) character file.

9670 HolyRage the Cleaver (level 11, -2/106 HPs)
             Began as a Deep Dwarf Fighter on Dec 27, 2015.
             Was a Believer of Elyvilon.
             Slain by an 11-headed hydra (5 damage)
             ... on level 10 of the Dungeon on Dec 28, 2015.
             The game lasted 01:01:27 (9073 turns).

HolyRage the Cleaver (Deep Dwarf Fighter)           Turns: 9073, Time: 01:01:27

Health: -2/106     AC: 18    Str: 23    XL:     11   Next: 26%
Magic:  9/9        EV:  5    Int:  9    God:    Elyvilon [**....]
Gold:   489        SH: 10    Dex: 12    Spells: 0 memorised, 10 levels left

rFire  . . .     SeeInvis .     y - +2 war axe
rCold  + . .     Clarity  .     H - +0 plate armour
rNeg   . . .     SustAt   .     c - +1 shield
rPois  +         Gourm    .     r - +0 helmet
rElec  .         Spirit   .     (no cloak)
rCorr  +         Warding  .     v - +0 pair of gloves
rMut   .         Stasis   .     x - +0 pair of boots
MR     +....                    w - amulet of resist corrosion
Stlth  ..........               B - ring of protection from cold
                                q - ring of poison resistance

@: exhausted, non-regenerating, slowed, very slow, somewhat resistant to hostile
enchantments, extremely unstealthy
A: damage resistance, recharge devices, sense surroundings 2, slow regeneration
3
a: Device Recharging, Lesser Healing, Heal Other, Divine Protection, Renounce
Religion


You were on level 10 of the Dungeon.
You worshipped Elyvilon.
Elyvilon was pleased with you.
You were very hungry.

You visited 2 branches of the dungeon, and saw 11 of its levels.

You collected 489 gold pieces.

Inventory:

Hand Weapons
 y - a +2 war axe (weapon)
Missiles
 j - 12 sling bullets of flame (quivered)
Armour
 c - a +1 shield (worn)
 r - a +0 helmet (worn)
 v - a +0 pair of gloves (worn)
 x - a +0 pair of boots (worn)
 H - a +0 plate armour (worn)
Jewellery
 k - an uncursed amulet of resist mutation
 q - a ring of poison resistance (left hand)
 w - an amulet of resist corrosion (around neck)
 B - a ring of protection from cold (right hand)
Wands
 e - a wand of heal wounds (2)
Scrolls
 h - 3 scrolls of remove curse
 n - 2 scrolls of fog
 u - 2 scrolls of teleportation
 F - a scroll of blinking
Potions
 i - a potion of agility
 l - 3 potions of heal wounds
 m - 5 potions of curing {unknown}
 o - a potion of haste
 p - 2 potions of flight {unknown}
 t - 2 potions of degeneration {unknown}
 A - a potion of brilliance
 E - a potion of ambrosia {unknown}
 G - a potion of lignification {unknown}
Comestibles
 a - 12 chunks of flesh
 d - a beef jerky
 f - 6 bread rations
 g - 3 meat rations
 s - 13 royal jellies


   Skills:
 + Level 9.5 Fighting
 - Level 10.1 Axes
 - Level 10.1 Armour
 - Level 3.2 Shields
 - Level 10.0 Invocations


You had 10 spell levels left.
You didn't know any spells.

Dungeon Overview and Level Annotations

Branches:
Dungeon (10/15)            Temple (1/1) D:6             Orc (0/4) D:9
   Lair: D:8-11

Altars:
Ashenzari
Dithmenos
Elyvilon
Fedhas
Gozag
Kikubaaqudgha
Makhleb
Nemelex Xobeh
Okawaru
Qazlal
Ru
Sif Muna
Trog
Vehumet
Xom
Yredelemnul
Zin
The Shining One
Beogh

Shops:
D:5 }   D:6 (


Innate Abilities, Weirdness & Mutations

You are resistant to damage.
You can recharge devices by infusing magical energy.
You passively map the area around you.
You do not regenerate naturally.


Message History

* * * LOW HITPOINT WARNING * * *
The 11-headed hydra bites you.
The 11-headed hydra bites you but does no damage. x5
The 11-headed hydra bites you. x2
The 11-headed hydra bites you but does no damage.
You block the 11-headed hydra's attack.
The 11-headed hydra bites you but does no damage. x2
You block the 11-headed hydra's attack.
The 11-headed hydra bites you but does no damage. x4
You block the 11-headed hydra's attack.
The 11-headed hydra bites you but does no damage.
The 11-headed hydra bites you. x2
The 11-headed hydra barely misses you. You block the 11-headed hydra's attack.
You block the 11-headed hydra's attack. The 11-headed hydra barely misses you.
You block the 11-headed hydra's attack. x2
The 11-headed hydra bites you but does no damage.
The 11-headed hydra bites you.
* * * LOW HITPOINT WARNING * * *
The 11-headed hydra bites you!
You die...

########### #######
############.........#
#......
.......#.............#
#......
.......#.###.........#
#...... ......(#<#
#.........#### #......
.......#.#
#....@D......###...)..
.......'.#
#.........##...#......
.......###
#.........####<'......
.....<.# #.........#
###...... .......#
#.........# #......
####'### ########.##
######' ####.# #.#
###. #....# * #.# #...
#.#### #. ####.##


You could see a 11-headed hydra.

Vanquished Creatures
  An unseen horror (D:10)
  The ghost of Xenophilius the Slasher, a novice OpBe of Trog (D:5)
  A queen bee (D:10)
  A polar bear (D:8)
  Prince Ribbit (D:5)
  8 yaks
  A deep elf mage (D:10)
  A wyvern (D:8)
  A steam dragon (D:10)
  A hungry ghost (D:9)
  2 wolves (D:8)
  Menkaure (D:4)
  6 orc warriors
  2 phantoms
  Duvessa (D:7)
  7 ice beasts
  A necrophage (D:8)
  3 sky beasts
  5 ogres
  2 black bears
  3 centaurs
  5 giant frogs
  A gnoll sergeant (D:7)
  2 big kobolds (D:10)
  Dowan (D:7)
  A water moccasin skeleton (D:10)
  28 killer bees
  2 scorpions
  12 wights
  4 crimson imps
  5 orc priests
  A giant frog skeleton (D:5)
  4 hounds
  A centaur skeleton (D:4)
  An iguana (D:9)
  2 worker ants
  4 orc wizards
  A sheep (D:10)
  2 hound skeletons
  A worker ant zombie (D:10)
  2 killer bee simulacra (D:8)
  Robin (D:2)
  7 gnolls
  11 adders
  4 shadow imps
  A worker ant simulacrum (D:8)
  2 oozes
  An adder skeleton (D:7)
  7 worms
  8 giant geckos
  23 orcs
  5 bats
  4 giant cockroaches
  15 hobgoblins
  6 jackals
  5 quokkas
  A ball python (D:3)
  2 giant newts
  18 goblins
  A jackal skeleton (D:5)
  8 kobolds
  A quokka skeleton (D:4)
  A quokka zombie (D:6)
  3 rats
  A spectral orc (D:6)
266 creatures vanquished.

Notes
Turn   | Place    | Note
--------------------------------------------------------------
     0 | D:1      | HolyRage the Deep Dwarf Fighter began the quest for the Orb.
     0 | D:1      | Reached XP level 1. HP: 20/20 MP: 1/1
   103 | D:1      | Reached XP level 2. HP: 27/27 MP: 2/2
   618 | D:2      | Reached XP level 3. HP: 30/33 MP: 3/3
   683 | D:2      | Reached skill level 4 in Axes
   932 | D:2      | Noticed Robin
   942 | D:2      | Killed Robin
   942 | D:2      | Reached XP level 4. HP: 33/40 MP: 4/4
   952 | D:2      | Reached skill level 5 in Axes
  1566 | D:3      | Noticed a phantom
  1607 | D:3      | Killed a phantom
  1607 | D:3      | Reached skill level 6 in Axes
  1607 | D:3      | Reached XP level 5. HP: 20/46 MP: 5/5
  2240 | D:4      | Noticed Menkaure
  2254 | D:4      | Killed Menkaure
  2254 | D:4      | Reached skill level 7 in Axes
  2254 | D:4      | Reached XP level 6. HP: 21/55 MP: 5/5
  2593 | D:4      | Found a bloodstained altar of Trog.
  2844 | D:4      | Reached skill level 8 in Axes
  2893 | D:5      | Entered Level 5 of the Dungeon
  2955 | D:5      | Reached XP level 7. HP: 31/61 MP: 6/6
  3092 | D:5      | Noticed Xenophilius's ghost (novice OpBe)
  3111 | D:5      | Reached skill level 9 in Axes
  3119 | D:5      | Killed Xenophilius's ghost
  3119 | D:5      | Reached skill level 10 in Axes
  3144 | D:5      | Found a sparkling altar of Nemelex Xobeh.
  3154 | D:5      | Reached XP level 8. HP: 44/68 MP: 7/7
  3187 | D:5      | Reached skill level 5 in Armour
  3426 | D:5      | Found a stormy altar of Qazlal.
  3475 | D:5      | Noticed Prince Ribbit
  3510 | D:5      | Killed Prince Ribbit
  3706 | D:5      | Found Onkucour's Gadget Boutique.
  4124 | D:6      | Found Jifaloc's Antique Weapon Emporium.
  4332 | D:6      | Found a staircase to the Ecumenical Temple.
  4338 | Temple   | Entered the Ecumenical Temple
  4766 | D:6      | Found a basalt altar of Yredelemnul.
  4874 | Temple   | Became a worshipper of Elyvilon the Healer
  4920 | D:7      | Gained mutation: You passively map the area around you. [Deep Dwarf growth]
  4920 | D:7      | Reached XP level 9. HP: 31/74 MP: 6/6
  5076 | D:7      | Noticed Duvessa
  5078 | D:7      | Noticed Dowan
  5110 | D:7      | Killed Duvessa
  5113 | D:7      | Killed Dowan
  5146 | D:7      | Reached skill level 10 in Armour
  5158 | D:7      | Found a shattered altar of Ashenzari.
  5206 | D:7      | Found an opulent altar of Gozag.
  5275 | D:7      | Found a burning altar of Makhleb.
  5621 | D:8      | Reached * piety under Elyvilon
  6099 | D:8      | Reached XP level 10. HP: 63/84 MP: 12/12
  6530 | D:9      | You fall through a shaft!
  6530 | D:10     | Entered Level 10 of the Dungeon
  6687 | D:10     | Reached skill level 10 in Invocations
  6914 | D:10     | Reached skill level 5 in Fighting
  7622 | D:10     | Killed an unseen horror
  7622 | D:10     | Reached XP level 11. HP: 26/104 MP: 10/10
  7704 | D:10     | Noticed a three-headed hydra
  7758 | D:9      | Found a staircase to the Orcish Mines.
  7800 | D:9      | Reached ** piety under Elyvilon
  7845 | D:9      | Found an iron altar of Okawaru.
  7845 | D:9      | Found a bloodstained altar of Trog.
  8899 | D:9      | Found a roughly hewn altar of Beogh.
  9070 | D:10     | HP: 4/106 [11-headed hydra (2)]
  9073 | D:10     | Slain by an 11-headed hydra

Action                   |  1- 3 |  4- 6 |  7- 9 | 10-12 || total
-------------------------+-------+-------+-------+-------++-------
Melee: War axe           |   127 |   173 |   495 |   724 ||  1519
Invok: Lesser Healing    |       |       |     1 |     2 ||     3
 Abil: Device Recharging |       |     1 |     3 |     5 ||     9
Evoke: Wand              |     1 |     3 |    15 |    24 ||    43
  Use: Scroll            |       |     8 |     4 |     7 ||    19
       Potion            |       |       |     3 |     3 ||     6
  Eat: Chunk             |       |     7 |    11 |    10 ||    28
       Pizza             |       |       |       |     1 ||     1
       Fruit             |       |       |       |     4 ||     4
